 Dungeon Crawl Stone Soup version 0.18-a0-1639-g7533f42 (webtiles) character file.

168 namelastname112 the Insei (level 5, -12/45 HPs)
             Began as a Draconian Monk on Mar 27, 2016.
             Mangled by Menkaure (17 damage)
             ... on level 4 of the Dungeon.
             The game lasted 00:03:10 (2158 turns).

namelastname112 the Insei (Draconian Monk)          Turns: 2158, Time: 00:03:11

Health: -12/45     AC:  5    Str: 13    XL:     5   Next: 23%
Magic:  5/5        EV: 13    Int: 11    God:
Gold:   194        SH:  0    Dex: 14    Spells: 0 memorised, 4 levels left

rFire  . . .     SeeInvis .       - Unarmed
rCold  . . .     Gourm    .     (armour unavailable)
rNeg   . . .     Faith    .     (no shield)
rPois  .         Spirit   .     (helmet restricted)
rElec  .         Dismiss  .     (no cloak)
rCorr  .         Reflect  .     (no gloves)
SustAt .         Harm     .     (no boots)
MR     .....                    (no amulet)
Stlth  ++........               (no ring)
                                (no ring)

@: not resistant to hostile enchantments, unstealthy
A: unfitting armour, cold-blooded, AC +5
a: no special abilities


You were on level 4 of the Dungeon.
You were not hungry.

You visited 1 branch of the dungeon, and saw 4 of its levels.

You collected 194 gold pieces.

Inventory:

Jewellery
 b - a +2 ring of protection {unknown}
Scrolls
 c - 6 scrolls of identify {unknown}
 h - a scroll of fear {unknown}
 l - a scroll of blinking {unknown}
 n - a scroll of enchant weapon {unknown}
 o - a scroll of fog {unknown}
 q - a scroll of remove curse {unknown}
Potions
 f - a potion of agility {unknown}
 g - a potion of brilliance {unknown}
 k - a potion of flight {unknown}
 m - a potion of lignification {unknown}
Comestibles
 a - 3 bread rations
 d - a meat ration
 i - a beef jerky
 j - 2 slices of pizza
 p - 4 fruits


   Skills:
 - Level 3.2 Fighting
 - Level 2.6 Dodging
 - Level 1.7 Stealth
 + Level 6.6 Unarmed Combat


You had 4 spell levels left.
You didn't know any spells.

Dungeon Overview and Level Annotations

Branches:
Dungeon (4/15)
 Temple: D:4-7

Altars:
Elyvilon
Okawaru
Qazlal
Xom

Annotations:
D:4 Menkaure


Innate Abilities, Weirdness & Mutations

Your plain brown scales are hard (AC +5).
Your body does not fit into most forms of armour.
You are cold-blooded and may be slowed by cold attacks.


Message History

You are too injured to fight recklessly!
Drink which item? (? for menu, Esc to quit)
It was a potion of curing.
You feel better. Menkaure barely misses you.
You barely miss Menkaure. You tail-slap Menkaure.
Menkaure is lightly damaged.
Menkaure breathes soot at you.
Menkaure calls on the powers of darkness!
Your body is wracked with pain!
* * * LOW HITPOINT WARNING * * *
The orc convulses!
Menkaure calls on the powers of darkness!
Your body is wracked with pain!
* * * LOW HITPOINT WARNING * * *
You hit Menkaure. You punch Menkaure.
Menkaure is heavily damaged.
Menkaure closely misses you.
You hit Menkaure.
Menkaure is heavily damaged.
Menkaure hits you!
You die...

#........#.(....#....#
#........#......#....#
#........#......#....#
...#######.....##....#
...#...........##....#
...#)..........'.....##
...#...........#......#
...#...........#......#
...#...........#@.....+
...#...........#Mo....#
...#...........#......#
####....##.....#.....##
..# ... #.....#.....#
..# ##....# ..# ....#
..# ..... ..#


You could see Menkaure and an orc.

Vanquished Creatures
  2 orc wizards (D:3)
  2 adders (D:3)
  2 worms
  3 dart slugs (D:1)
  2 giant geckos
  8 orcs (D:3)
  A ball python (D:2)
  9 bats
  8 giant cockroaches
  10 goblins
  4 hobgoblins
  6 jackals (D:1)
  7 kobolds
  8 rats
72 creatures vanquished.

Notes
Turn   | Place    | Note
--------------------------------------------------------------
     0 | D:1      | namelastname112 the Draconian Monk began the quest for the Orb.
     0 | D:1      | Reached XP level 1. HP: 19/19 MP: 1/1
   157 | D:1      | Reached XP level 2. HP: 21/26 MP: 2/2
   347 | D:1      | Reached skill level 5 in Unarmed Combat
   373 | D:1      | Reached XP level 3. HP: 27/31 MP: 3/3
   384 | D:1      | xeno23: ого
   480 | D:1      | xeno23: он мне целый десант на помощь послал
   510 | D:1      | xeno23: 10 демонов
   510 | D:1      | xeno23: нормас
   510 | D:1      | namelastname112: да
   510 | D:1      | namelastname112: скажи спасибо
   510 | D:1      | namelastname112: что союзныъ
   510 | D:1      | namelastname112: х
  1441 | D:2      | Found a white marble altar of Elyvilon.
  1479 | D:2      | Reached XP level 4. HP: 38/38 MP: 4/4
  1480 | D:2      | Found a faded altar to an unknown god.
  1630 | D:3      | Found a stormy altar of Qazlal.
  1647 | D:3      | Found an iron altar of Okawaru.
  1719 | D:3      | Reached skill level 6 in Unarmed Combat
  1873 | D:3      | Found a shimmering altar of Xom.
  2072 | D:3      | Reached XP level 5. HP: 43/45 MP: 5/5
  2148 | D:4      | Noticed Menkaure
  2158 | D:4      | Mangled by Menkaure

Vault maps used:
D:1:      dpeg_arrival_signposts
D:2:      old_standard_altar, ecumenical_altar_1
D:3:      grunt_qazlal_sundering, lemuel_round_altar,
          nicolae_overflow_hidden_temple, first_bread
D:4:      lemuel_crystal_altar, serial_undead, serial_undead_a, serial_undead_e,
          serial_undead_b, serial_undead_c, serial_undead_d, serial_undead_b,
          uniq_pikel, uniq_menkaure

Skill      XL: |  1  2  3  4 |
---------------+-------------+-----
Unarmed Combat | 5 6 |  6.6
Fighting       | |  3.2
Dodging        | |  2.6
Stealth        | |  1.7

Action                   |  1- 3 |  4- 6 || total
-------------------------+-------+-------++-------
Melee: Unarmed           |   174 |    73 ||   247
  Use: Potion            |       |     1 ||     1
 Stab: Sleeping          |     5 |     1 ||     6
  Eat: Chunk             |     2 |     2 ||     4
